 Dungeon Crawl Stone Soup version 0.31-a0-344-gd109795599 (webtiles) character file.

Game seed: 5579328211926820132

11 night the Ruffian (level 2, -1/14 HPs)
             Began as a Vine Stalker Shapeshifter on July 21, 2023.
             Slain by a hobgoblin (2 damage)
             ... on level 1 of the Dungeon.
             The game lasted 00:00:47 (224 turns).

night the Ruffian (Vine Stalker Shapeshifter)        Turns: 224, Time: 00:00:47

Health: -1/14      AC:  2    Str: 17    XL:     2   Next: 25%
Magic:  0/3        EV: 12    Int:  8    God:
Gold:   11         SH:  0    Dex: 14    Spells: 1/1 levels left

rFire   . .          .
                       - Unarmed
rCold   . . .        (no shield)
rNeg    . . .        a - +0 animal skin
rPois   .            (helmet currently unavailable)
rElec   .            (cloak currently unavailable)
rCorr   .            (gloves currently unavailable)
SInv    .            (boots currently unavailable)
Will    .....        (no amulet)
Stlth   +            (no ring)
HPRegen 0.22/turn    (no ring)
MPRegen 0.08/turn

%: guardian spirit
@: beast-form
A: beast (slay +2), fangs 2, magic shield, antimagic bite, no potion heal 2
a: Begin Untransformation


You were on level 1 of the Dungeon.
You were a hulking beast.
You visited 1 branch of the dungeon, and saw 1 of its levels.

You collected 11 gold pieces.

Inventory:

Hand Weapons
 b - a +0 sling
Armour
 a - a +0 animal skin (worn)
Talismans
 c - a beast talisman
Scrolls
 e - a scroll of silence {unknown}
Potions
 d - a potion of haste {unknown}
 f - a potion of lignification
 g - a potion of brilliance {unknown}


   Skills:
 - Level 0.8 Fighting
 - Level 1.5 Dodging
 * Level 3.4 Unarmed Combat
 + Level 3.1 Shapeshifting


You had one spell level left.
You didn't know any spells.
Your spell library was empty.

Dungeon Overview and Level Annotations

Branches:
Dungeon (1/15)

Altars:


Innate Abilities, Weirdness & Mutations

You are a hulking beast.
Your limbs bulge with bestial killing power. (Slay +2)
You have extremely sharp teeth.
When hurt, damage is shared between your health and your magic reserves.
Your bite disrupts and absorbs the magic of your enemies.
Potions cannot restore your health.


Message History

You closely miss the hobgoblin. The hobgoblin closely misses you.
You hit the hobgoblin.
The hobgoblin is lightly wounded.
The hobgoblin closely misses you.
You hit the hobgoblin.
You kill the hobgoblin!
You see here a hobgoblin corpse.
You open the door.
A rat comes into view.
You punch the rat!
You kill the rat!
No target in view!
You see here a rat corpse.
You open the door. You open the door.
A hobgoblin comes into view.
There is an open door here.
A gnoll comes into view. It is wielding a +0 spear.
A ball python comes into view.
The helpless ball python fails to defend itself.
You punch the ball python!
You kill the ball python!
The gnoll shouts!
The gnoll hits you from afar with a +0 spear.
The hobgoblin hits you.
You closely miss the hobgoblin. Your punch misses the hobgoblin.
The gnoll hits you from afar with a +0 spear.
The hobgoblin hits you.
You hit the hobgoblin. Your bite misses the hobgoblin.
The hobgoblin is heavily wounded.
The hobgoblin misses you. The gnoll closely misses you.
You hit the hobgoblin.
The hobgoblin is almost dead.
The gnoll hits you from afar with a +0 spear.
* * * LOW HITPOINT WARNING * * *
The hobgoblin barely misses you.
You are too injured to fight recklessly!
The hobgoblin closely misses you. The hobgoblin attacks as you move away!
The hobgoblin hits you.
You die...

## .. #. #. ######
#. #....#
#.####....###
######.h..'...†'.#
......g.###.^..#.#
......g†# #....#+##
#### ........#
##......# #..####
#####+###
#......###.#.....#
#......'...#.....#
#......#####.....#
#......# #.....#
##......######'####


You could see a gnoll and a hobgoblin.

Vanquished Creatures
  2 ball pythons (D:1)
  2 bats (D:1)
  A goblin (D:1)
  2 hobgoblins (D:1)
  A kobold (D:1)
  2 rats (D:1)
10 creatures vanquished.

Notes
Turn   | Place    | Note
-------+----------+-------------------------------------------
     0 | D:1      | night the Vine Stalker Shapeshifter began the quest for the
                  | Orb.
     0 | D:1      | Reached XP level 1. HP: 9/9 MP: 2/2
   110 | D:1      | Reached XP level 2. HP: 6/14 MP: 1/3
   222 | D:1      | HP: 1/14 [gnoll/+0 spear (6)]
   224 | D:1      | Slain by a hobgoblin

Illustrated notes

Levels and vault maps discovered:
D:1:      lemuel_arrival_tunnels, layout_basic

Action                     || total
---------------------------++-------
  Melee: Unarmed           ||    29
         Bite              ||     3
         Punch             ||     1
   Stab: Sleeping          ||     1
 Armour: Animal skin       ||     9
  Dodge: Dodged            ||    23

Table legend: (Time is in decaauts)
 A = Elapsed time spent in this place.
 B = Non-inter-level travel time spent in this place.
 C = Inter-level travel time spent in this place.
 D = Time resting spent in this place.
 E = Time spent auto-exploring this place.
 F = Levels seen in this place.
 G = Mean time per level.
                   A        B        C        D        E       F      G
               +--------+--------+--------+--------+--------+-----+--------+
         Total |    222 |    222 |      0 |      0 |    149 |   1 |  222.0 |
       Dungeon |    222 |    222 |      0 |      0 |    149 |   1 |  222.0 |
               +--------+--------+--------+--------+--------+-----+--------+

Top non-repeatable levels by time:
     D:1: 222 daAuts
